 Dungeon Crawl Stone Soup version 0.22-a0-348-gd16d1391c7 (webtiles) character file.

296 Laan the Magician (level 6, 0/41 HPs)
             Began as a Mummy Fire Elementalist on Apr 9, 2018.
             Slain by a gnoll
             ... wielding a cursed -1 club
              (7 damage)
             ... on level 3 of the Dungeon.
             The game lasted 00:08:30 (4037 turns).

Laan the Magician (Mummy Fire Elementalist)         Turns: 4037, Time: 00:08:31

Health: 0/41       AC:  3    Str: 11    XL:     6   Next: 12%
Magic:  0/13       EV: 12    Int: 16    God:
Gold:   115        SH:  0    Dex: 13    Spells: 2/15 levels left

rFire    x . .     SeeInvis .   b - +0 dagger
rCold    + . .     Gourm    .   (no shield)
rNeg     + + +     Faith    .   a - +0 robe
rPois    ∞         Spirit   .   h - +0 helmet
rElec    .         Reflect  .   c - scarf {cloud immunity}
rCorr    .         Harm     .   (no gloves)
MR       .....                  (no boots)
Stlth    ++........             (no amulet)
HPRegen  0.13/turn              (no ring)
MPRegen  0.13/turn              (no ring)

@: no status effects
A: no food or potions, fire vulnerability, cold resistance 1, negative energy
resistance 3, torment resistance, unbreathing
a: no special abilities


You were on level 3 of the Dungeon.
You were not hungry.

You visited 1 branch of the dungeon, and saw 3 of its levels.

You collected 115 gold pieces.

Inventory:

Hand Weapons
 b - a +0 dagger (weapon)
Armour
 a - a +0 robe (worn)
 c - a scarf of cloud immunity (worn)
 h - a +0 helmet (worn)
Scrolls
 d - a scroll of blinking {unknown}
 g - a scroll of fog {unknown}


   Skills:
 - Level 1.5 Dodging
 - Level 1.5 Stealth
 + Level 5.0 Spellcasting
 * Level 4.2 Conjurations
 - Level 2.4 Fire Magic


You had 2 spell levels left.
You knew the following spells:

 Your Spells              Type           Power        Failure   Level  Hunger
a - Flame Tongue          Conj/Fire      ##...        3%          1    N/A
b - Conjure Flame         Conj/Fire      ##......     12%         3    N/A
c - Sticky Flame          Conj/Fire      ##......     36%         4    N/A
d - Fireball              Conj/Fire      ##........   71%         5    N/A

Dungeon Overview and Level Annotations

Branches:
Dungeon (3/15)

Altars:
Okawaru
The Shining One


Innate Abilities, Weirdness & Mutations

You do not eat or drink.
Your flesh is vulnerable to fire.
You are immune to poison.
Your flesh is cold resistant. (rC+)
You are immune to negative energy. (rN+++)
You are immune to unholy pain and torment.
You can survive without breathing.


Message History

You kill the hobgoblin!
The gnoll hits you from afar with a spear!
* * * LOW HITPOINT WARNING * * *
Casting: Flame Tongue (safe; 3% risk of failure)
Confirm with . or Enter, or press ? or * to list all spells.
Aiming: Flame Tongue (safe; 3% risk of failure)
Press: ? - help, Shift-Dir - straight line, f - gnoll
Aim: a gnoll, wielding a club The flame tongue hits the gnoll.
The gnoll is moderately wounded.
The gnoll barely misses you. x2
Casting: Flame Tongue (safe; 3% risk of failure)
Confirm with . or Enter, or press ? or * to list all spells.
Aiming: Flame Tongue (safe; 3% risk of failure)
Press: ? - help, Shift-Dir - straight line, f/p - gnoll
Aim: a gnoll, wielding a club (moderately wounded)
The flame tongue hits the gnoll.
The gnoll is heavily wounded.
The gnoll hits you with a club!
You die...

≈≈≈≈≈≈≈≈≈≈≈≈≈≈≈≈≈≈≈≈≈≈≈≈≈≈≈≈#
≈≈≈≈≈≈≈≈≈≈≈≈≈≈#####≈≈≈≈≈≈≈≈≈#
###############...#≈≈≈≈≈≈≈≈≈#
..............#.).#≈≈≈≈≈≈≈≈≈#
.....(.....)..#.).#≈≈≈≈≈≈≈≈≈#
......((()....##)##≈≈≈≈≈≈≈≈#
...########)....)# ...#
#......# ...########....)@#
...(..........##g#
(.............#.g.
..............#...#
###############...# #####


You could see 2 gnolls.

Vanquished Creatures
  A hound (D:3)
  An orc priest (D:3)
  Jessica (D:1)
  A worker ant (D:2)
  Robin (D:2)
  4 gnolls (D:3)
  An ooze (D:2)
  An adder skeleton (D:2)
  2 dart slugs (D:1)
  A worm (D:2)
  6 leopard geckos
  2 orcs (D:3)
  9 bats
  A bat skeleton (D:2)
  4 giant cockroaches
  36 goblins
  15 hobgoblins
  8 jackals
  3 frilled lizards (D:1)
  A giant cockroach zombie (D:2)
  3 kobolds
  A leopard gecko skeleton (D:2)
  A quokka skeleton (D:2)
  3 rats
107 creatures vanquished.

Notes
Turn   | Place    | Note
-------+----------+-------------------------------------------
     0 | D:1      | Laan the Mummy Fire Elementalist began the quest for the Orb.
     0 | D:1      | Reached XP level 1. HP: 13/13 MP: 4/4
    36 | D:1      | Reached skill level 1 in Conjurations
   222 | D:1      | Reached skill level 3 in Spellcasting
   289 | D:1      | Reached XP level 2. HP: 19/19 MP: 4/6
   783 | D:1      | Reached XP level 3. HP: 23/24 MP: 1/7
  1264 | D:2      | Noticed Robin
  1266 | D:2      | Noticed Jessica
  1566 | D:1      | Killed Jessica
  1588 | D:2      | Reached XP level 4. HP: 25/30 MP: 0/9
  1881 | D:2      | Reached skill level 4 in Spellcasting
  2395 | D:2      | Killed Robin
  2406 | D:2      | Reached XP level 5. HP: 24/35 MP: 0/11
  2654 | D:2      | Found a glowing golden altar of the Shining One.
  2836 | D:2      | Found an iron altar of Okawaru.
  3248 | D:3      | Learned a level 3 spell: Conjure Flame
  3253 | D:3      | Learned a level 4 spell: Sticky Flame
  3259 | D:3      | Learned a level 5 spell: Fireball
  3864 | D:3      | Reached XP level 6. HP: 31/41 MP: 7/13
  4032 | D:3      | Reached skill level 5 in Spellcasting
  4037 | D:3      | Slain by a gnoll

Vault maps used:
D:1:      dpeg_arrival_round_c, minmay_parallelograms, skrybe_limestone_x,
          serial_bayou_pond_a
D:2:      nicolae_overflow_crystal_walls, serial_undead, serial_undead_c,
          serial_undead_b, serial_undead_f, serial_undead_b, serial_undead_a,
          serial_undead_b, serial_undead_b, serial_undead_a, first_ration,
          kennysheep_okawaru_gauntlet, uniq_robin, uniq_jessica
D:3:      minmay_goblin_kobold_castle

Skill      XL: |  1  2  3  4  5  6 |
---------------+-------------------+-----
Conjurations   | 1 2 3 4 |  4.2
Spellcasting   | 3 4 5 |  5.0
Dodging        | |  1.5
Stealth        | |  1.5
Fire Magic     | |  2.4

Action                   |  1- 3 |  4- 6 || total
-------------------------+-------+-------++-------
Melee: Unarmed           |     5 |       ||     5
       Dagger            |    34 |    12 ||    46
 Cast: Flame Tongue      |    70 |   172 ||   242
  Use: Scroll            |     2 |     1 ||     3
Armor: Robe              |    31 |    16 ||    47
Dodge: Dodged            |    79 |    72 ||   151

Table legend:
 A = Spawn XP
 B = Non-spawn XP
 C = Spawn XP percentage of total XP
 D = Spawn monster count
 E = Non-spawn monster count
 F = Spawn count percentage of total count
 G = Total turns spent on level
                    A         B        C        D         E        F      G
               +---------+---------+-------+---------+---------+-------+---------
         Total |       0 |     423 |   0.0 |       0 |     107 |   0.0 |  4037
               +---------+---------+-------+---------+---------+-------+---------
           D:1 |       0 |      89 |   0.0 |       0 |      29 |   0.0 |  1608
           D:2 |       0 |     133 |   0.0 |       0 |      40 |   0.0 |  1430
           D:3 |       0 |     201 |   0.0 |       0 |      38 |   0.0 |   999
               +---------+---------+-------+---------+---------+-------+---------
